 Dungeon Crawl Stone Soup version 0.18.1-5-g4a78601 (webtiles) character file.

45 LORDOFBUTT the Skirmisher (level 3, 0/29 HPs)
             Began as a Demonspawn Berserker on May 9, 2016.
             Was a Believer of Trog.
             Slain by a hound (3 damage)
             ... on level 3 of the Dungeon.
             The game lasted 00:01:06 (1315 turns).

LORDOFBUTT the Skirmisher (Demonspawn Berserker)    Turns: 1315, Time: 00:01:06

Health: 0/29       AC:  3    Str: 17    XL:     3   Next: 42%
Magic:  3/3        EV: 12    Int:  8    God:    Trog [**....]
Gold:   107        SH:  0    Dex: 13    Spells: 0 memorised, 2 levels left

rFire  . . .     SeeInvis .     a - +0 spear
rCold  . . .     Gourm    .     b - +0 animal skin
rNeg   . . .     Faith    .     (no shield)
rPois  .         Spirit   .     (no helmet)
rElec  .         Dismiss  .     (no cloak)
rCorr  .         Reflect  .     (no gloves)
SustAt .         Harm     .     d - +0 pair of boots
MR     .....                    (no amulet)
Stlth  +.........               (no ring)
                                (no ring)

@: exhausted, not resistant to hostile enchantments, very unstealthy
A: powered by death 1, powered by pain 1
a: Berserk, Trog's Hand, Burn Spellbooks, Renounce Religion


You were on level 3 of the Dungeon.
You worshipped Trog.
Trog was pleased with you.
You were hungry.

You visited 1 branch of the dungeon, and saw 3 of its levels.

You collected 107 gold pieces.

Inventory:

Hand Weapons
 a - a +0 spear (weapon)
Armour
 b - a +0 animal skin (worn)
 d - a +0 pair of boots (worn)
Jewellery
 m - a +3 amulet of reflection {unknown}
Scrolls
 f - a scroll of enchant armour {unknown}
 g - 2 scrolls of noise {unknown}
 i - a scroll of blinking {unknown}
 j - 2 scrolls of amnesia {unknown}
 l - a scroll of magic mapping {unknown}
Potions
 e - a potion of haste {unknown}
 n - a potion of curing {unknown}
Comestibles
 c - 3 bread rations
 h - 2 meat rations
 k - a beef jerky


   Skills:
 + Level 3.6 Fighting
 + Level 3.2 Polearms
 + Level 1.8 Armour
 + Level 2.3 Dodging


You had 2 spell levels left.
You didn't know any spells.

Dungeon Overview and Level Annotations

Branches:
Dungeon (3/15)

Altars:


Innate Abilities, Weirdness & Mutations

You regenerate a little health from kills.
You sometimes gain a little power by taking damage.


Message History

The bat hits you. The hound closely misses you.
The bat hits you but does no damage. The hound bites you.
You closely miss the hound.
The hound is severely wounded.
The bat barely misses you. x2; The hound bites you.
You closely miss the hound.
The hound is severely wounded.
The bat misses you. The hound closely misses you.
You miss the hound.
The hound is severely wounded.
The bat hits you but does no damage. The hound bites you.
* * * LOW HITPOINT WARNING * * *
The hound bites you.
* * * LOW HITPOINT WARNING * * *
You are too injured to fight recklessly!
You are too injured to fight recklessly!
You hit the hound.
The hound is almost dead.
The bat hits you but does no damage. The hound bites you.
You die...

#.........#
#.........# ..(......
....... ..... ## ...
#. . #h# #.##. #@#
#.##.###b##
#..#......# . #
#..###..###...# ##+
#...........# #...
#...........#
#..>.##†......#.....#
#.....<...##.....####
#....†....##.....#


You could see a hound and a bat.

Vanquished Creatures
  An adder (D:3)
  2 dart slugs (D:2)
  A ball python (D:2)
  8 bats
  A giant cockroach (D:1)
  2 goblins
  4 hobgoblins
  2 jackals (D:1)
  A quokka (D:2)
  2 giant newts (D:1)
  4 kobolds
  2 rats
30 creatures vanquished.

Notes
Turn   | Place    | Note
--------------------------------------------------------------
     0 | D:1      | LORDOFBUTT the Demonspawn Berserker began the quest for the Orb.
     0 | D:1      | Reached XP level 1. HP: 18/18 MP: 1/1
   117 | D:1      | Gained mutation: You sometimes gain a little power by taking damage. [demonic ancestry]
   117 | D:1      | Reached XP level 2. HP: 23/24 MP: 2/2
   603 | D:2      | Reached ** piety under Trog
   827 | D:2      | Gained mutation: You regenerate a little health from kills. [demonic ancestry]
   827 | D:2      | Reached XP level 3. HP: 21/29 MP: 3/3
  1315 | D:3      | Slain by a hound

Skill      XL: |  1  2 |
---------------+-------+-----
Polearms       | 3 |  3.2
Dodging        | 2 |  2.3
Fighting       | |  3.6
Armour         | |  1.8

Action                   || total
-------------------------++-------
Melee: Spear             ||   131
Invok: Berserk           ||     1
 Stab: Sleeping          ||     1
  Eat: Beef jerky        ||     1
Armor: Animal skin       ||    46
Dodge: Dodged            ||    92
